3326 views
Uploaded 2020-04-26 10:33:38
Game version 1.32.3
20:04 long 2on2 ladder game on (4)HillsbradCreek
Saved by zebroni
3326 views
Uploaded 2020-04-26 10:33:38
Game version 1.32.3
20:04 long 2on2 ladder game on (4)HillsbradCreek
78 units @ 12.8k
/ 1.5k
34 buildings @ 4.4k
/ 1.7k


| Scroll of Regeneration | 3 | 300 |
| Lesser Clarity Potion | 6 | 420 |
| Potion of Mana | 3 | 600 |
| Potion of Healing | 3 | 450 |
| Potion of Lesser Invulnerability | 1 | 150 |
| Healing Salve | 1 | 100 |
| total: | 17 | 2020g |
| Peasant | 12 | 900 | / | 0 |
| Footman | 17 | 2295 | / | 0 |
| Rifleman | 23 | 4715 | / | 690 |
| Goblin Shredder | 1 | 375 | / | 100 |
| total: | 53 | 8285g | / | 790w |
| Scout Tower | 1 | 30 | / | 20 |
| Arcane Tower | 2 | 140 | / | 100 |
| Altar of Kings | 1 | 180 | / | 50 |
| Farm | 7 | 560 | / | 140 |
| Barracks | 1 | 160 | / | 60 |
| Arcane Vault | 1 | 130 | / | 30 |
| Blacksmith | 1 | 140 | / | 60 |
| Lumber Mill | 1 | 120 | / | 0 |
| Arcane Sanctum | 1 | 150 | / | 140 |
| Keep | 2 | 640 | / | 420 |
| total: | 14 | 1470g | / | 500w |
| 0:03 | Peasant |
| 0:03 | Peasant |
| 0:04 | Peasant |
| 0:06 | Altar of Kings |
| 0:09 | Farm |
| 0:19 | Barracks |
| 0:32 | Peasant |
| 0:37 | Peasant |
| 0:46 | Peasant |
| 0:56 | Farm |
| 1:03 | Peasant |
| 1:20 | Footman |
| 1:25 | Peasant |
| 1:32 | Farm |
| 1:38 | Scout Tower |
| 1:44 | Peasant |
| 1:56 | Footman |
| 2:03 | Arcane Tower |
| 2:07 | Flame Strike |
| 2:18 | Footman |
| 2:18 | Footman |
| 2:42 | Footman |
| 3:03 | Footman |
| 3:09 | Farm |
| 3:19 | Farm |
| 3:38 | Footman |
| 4:08 | Footman |
| 4:18 | Footman |
| 4:21 | Arcane Vault |
| 4:26 | Footman |
| 4:28 | Siphon Mana |
| 4:34 | Peasant |
| 4:35 | Peasant |
| 4:36 | Footman |
| 4:36 | Footman |
| 4:53 | Footman |
| 5:06 | Footman |
| 5:48 | Footman |
| 5:50 | Scroll of Regeneration |
| 5:50 | Scroll of Regeneration |
| 5:53 | Lesser Clarity Potion |
| 5:58 | Farm |
| 6:03 | Blacksmith |
| 6:08 | Lumber Mill |
| 6:14 | Peasant |
| 6:26 | Defend |
| 6:49 | Flame Strike |
| 6:57 | Goblin Shredder |
| 7:12 | Footman |
| 7:17 | Rifleman |
| 7:17 | Rifleman |
| 7:55 | Footman |
| 7:58 | Rifleman |
| 7:58 | Rifleman |
| 8:27 | Rifleman |
| 8:36 | Rifleman |
| 8:40 | Black Gunpowder |
| 8:43 | Keep |
| 9:02 | Rifleman |
| 9:21 | Healing Salve |
| 9:21 | Lesser Clarity Potion |
| 9:29 | Studded Leather Armor |
| 9:50 | Rifleman |
| 10:11 | Improved Masonry |
| 10:30 | Siphon Mana |
| 10:34 | Rifleman |
| 10:54 | Rifleman |
| 11:26 | Rifleman |
| 11:31 | Long Rifles |
| 11:33 | Potion of Mana |
| 11:55 | Lesser Clarity Potion |
| 11:56 | Rifleman |
| 12:17 | Potion of Lesser Invulnerability |
| 12:49 | Potion of Mana |
| 13:08 | Potion of Mana |
| 13:09 | Lesser Clarity Potion |
| 13:25 | Potion of Healing |
| 13:44 | Flame Strike |
| 13:53 | Rifleman |
| 14:34 | Rifleman |
| 14:38 | Rifleman |
| 14:59 | Rifleman |
| 15:13 | Holy Light |
| 15:37 | Rifleman |
| 15:55 | Rifleman |
| 15:57 | Potion of Healing |
| 16:25 | Rifleman |
| 16:35 | Farm |
| 16:36 | Refined Gunpowder |
| 16:52 | Lesser Clarity Potion |
| 16:52 | Scroll of Regeneration |
| 17:16 | Arcane Sanctum |
| 17:33 | Rifleman |
| 17:51 | Rifleman |
| 18:18 | Reinforced Leather Armor |
| 18:30 | Potion of Healing |
| 18:30 | Lesser Clarity Potion |
| 19:06 | Divine Shield |
| 19:24 | Rifleman |
| 19:33 | Summon Phoenix |
| 19:50 | Rifleman |
| 19:55 | Holy Light |


| Lesser Clarity Potion | 5 | 350 |
| Healing Salve | 3 | 300 |
| Scroll of Speed | 2 | 100 |
| Orb of Lightning | 1 | 375 |
| Scroll of Town Portal | 2 | 700 |
| total: | 13 | 1825g |
| Peon | 7 | 525 | / | 0 |
| Grunt | 6 | 1200 | / | 0 |
| Raider | 3 | 540 | / | 120 |
| Demolisher | 4 | 880 | / | 200 |
| Tauren | 5 | 1400 | / | 400 |
| total: | 25 | 4545g | / | 720w |
| Watch Tower | 4 | 440 | / | 320 |
| Orc Burrow | 6 | 960 | / | 240 |
| Altar of Storms | 1 | 180 | / | 50 |
| Barracks | 1 | 180 | / | 50 |
| Voodoo Lounge | 4 | 520 | / | 120 |
| War Mill | 1 | 205 | / | 0 |
| Beastiary | 2 | 290 | / | 280 |
| Tauren Totem | 1 | 135 | / | 155 |
| Stronghold | 1 | 315 | / | 190 |
| Fortress | 1 | 325 | / | 190 |
| total: | 20 | 2910g | / | 1215w |
| 0:03 | Peon |
| 0:05 | Orc Burrow |
| 0:12 | Orc Burrow |
| 0:13 | Altar of Storms |
| 0:16 | Peon |
| 0:28 | Peon |
| 0:39 | Barracks |
| 0:48 | Peon |
| 1:06 | Peon |
| 1:20 | Orc Burrow |
| 1:29 | Peon |
| 1:38 | Voodoo Lounge |
| 1:42 | Voodoo Lounge |
| 1:46 | Voodoo Lounge |
| 2:05 | Grunt |
| 2:12 | Feral Spirit |
| 2:34 | Peon |
| 2:38 | Orc Burrow |
| 3:18 | Stronghold |
| 3:20 | Grunt |
| 4:18 | Grunt |
| 5:07 | Grunt |
| 5:14 | Lesser Clarity Potion |
| 5:15 | Healing Salve |
| 5:18 | Scroll of Speed |
| 5:19 | Healing Salve |
| 5:40 | Berserker Strength |
| 5:48 | Beastiary |
| 5:51 | War Mill |
| 6:34 | Orc Burrow |
| 6:43 | War Stomp |
| 6:47 | Lesser Clarity Potion |
| 6:47 | Healing Salve |
| 6:57 | Ensnare |
| 6:58 | Raider |
| 8:31 | Grunt |
| 8:53 | Raider |
| 9:02 | Fortress |
| 9:03 | Raider |
| 9:26 | Lesser Clarity Potion |
| 9:40 | Steel Melee Weapons |
| 9:45 | Scroll of Town Portal |
| 9:45 | Scroll of Speed |
| 10:43 | Grunt |
| 11:16 | Chain Lighting |
| 11:25 | Demolisher |
| 11:39 | Tauren Totem |
| 11:48 | Lesser Clarity Potion |
| 11:56 | Demolisher |
| 11:58 | Watch Tower |
| 13:01 | Demolisher |
| 13:01 | Demolisher |
| 13:31 | Watch Tower |
| 13:38 | Burning Oil |
| 13:42 | Tauren |
| 13:43 | Pulverize |
| 13:59 | Beastiary |
| 14:31 | Tauren |
| 14:35 | Watch Tower |
| 15:00 | Tauren |
| 15:27 | Watch Tower |
| 16:07 | Tauren |
| 16:09 | Steel Armor |
| 16:21 | Endurance Aura |
| 16:46 | Orc Burrow |
| 17:00 | Voodoo Lounge |
| 17:44 | Tauren |
| 17:46 | Thorium Melee Weapons |
| 18:10 | Scroll of Town Portal |
| 18:11 | Orb of Lightning |
| 18:12 | Lesser Clarity Potion |
| 18:54 | Feral Spirit |
| 19:57 | Chain Lighting |
81 units @ 12.1k
/ 1.5k
33 buildings @ 5k
/ 2k


| Healing Salve | 11 | 1100 |
| Lesser Clarity Potion | 6 | 420 |
| Scroll of Speed | 2 | 100 |
| Potion of Mana | 2 | 400 |
| Potion of Healing | 1 | 150 |
| Orb of Lightning | 1 | 375 |
| total: | 23 | 2545g |
| Peon | 10 | 750 | / | 0 |
| Grunt | 12 | 2400 | / | 0 |
| Raider | 8 | 1440 | / | 320 |
| Spirit Walker | 5 | 975 | / | 175 |
| Kodo Beast | 1 | 255 | / | 60 |
| Tauren | 1 | 280 | / | 80 |
| total: | 37 | 6100g | / | 635w |
| Watch Tower | 4 | 440 | / | 320 |
| Altar of Storms | 1 | 180 | / | 50 |
| Orc Burrow | 5 | 800 | / | 200 |
| Barracks | 1 | 180 | / | 50 |
| Voodoo Lounge | 4 | 520 | / | 120 |
| War Mill | 1 | 205 | / | 0 |
| Beastiary | 2 | 290 | / | 280 |
| Tauren Totem | 1 | 135 | / | 155 |
| Stronghold | 1 | 315 | / | 190 |
| Fortress | 1 | 325 | / | 190 |
| total: | 19 | 2750g | / | 1175w |
| 0:03 | Peon |
| 0:03 | Peon |
| 0:07 | Altar of Storms |
| 0:19 | Orc Burrow |
| 0:27 | Peon |
| 0:35 | Barracks |
| 0:42 | Peon |
| 0:42 | Peon |
| 0:43 | Peon |
| 0:54 | Peon |
| 1:13 | Peon |
| 1:28 | Orc Burrow |
| 1:38 | Grunt |
| 1:38 | Grunt |
| 1:38 | Grunt |
| 1:45 | Peon |
| 1:59 | Voodoo Lounge |
| 2:10 | Wind Walk |
| 2:21 | Grunt |
| 2:50 | Stronghold |
| 3:29 | Grunt |
| 3:31 | Voodoo Lounge |
| 4:19 | Orc Burrow |
| 4:24 | Grunt |
| 4:40 | Healing Salve |
| 4:40 | Lesser Clarity Potion |
| 4:41 | Scroll of Speed |
| 4:52 | Healing Salve |
| 5:15 | Berserker Strength |
| 5:33 | Critical Strike |
| 5:43 | Beastiary |
| 6:02 | Orc Burrow |
| 6:11 | Hex |
| 6:42 | Beastiary |
| 6:46 | Tauren Totem |
| 6:48 | War Mill |
| 7:58 | Grunt |
| 8:14 | Raider |
| 8:14 | Ensnare |
| 8:22 | Spirit Walker |
| 8:54 | Spirit Walker |
| 8:54 | Spirit Walker Adept Training |
| 9:30 | Raider |
| 9:34 | Grunt |
| 9:45 | Healing Salve |
| 9:45 | Lesser Clarity Potion |
| 9:45 | Scroll of Speed |
| 9:49 | Lesser Clarity Potion |
| 10:05 | Raider |
| 10:11 | Spirit Walker |
| 10:56 | Critical Strike |
| 11:01 | Watch Tower |
| 11:02 | Watch Tower |
| 11:02 | Watch Tower |
| 11:03 | Watch Tower |
| 11:17 | Healing Wave |
| 11:27 | Reinforced Defenses |
| 11:29 | Raider |
| 11:29 | Grunt |
| 11:30 | Spirit Walker |
| 11:46 | Voodoo Lounge |
| 12:11 | Raider |
| 12:11 | Raider |
| 12:55 | Peon |
| 12:57 | Orc Burrow |
| 13:34 | Lesser Clarity Potion |
| 13:34 | Healing Salve |
| 13:35 | Potion of Mana |
| 14:44 | Healing Salve |
| 14:55 | Raider |
| 14:56 | Grunt |
| 15:00 | Fortress |
| 15:28 | Voodoo Lounge |
| 16:24 | Healing Wave |
| 16:31 | Wind Walk |
| 16:49 | Healing Salve |
| 16:51 | Lesser Clarity Potion |
| 16:53 | Potion of Healing |
| 16:58 | Lesser Clarity Potion |
| 17:05 | Healing Salve |
| 17:05 | Potion of Mana |
| 17:48 | Kodo Beast |
| 17:50 | Spirit Walker |
| 17:52 | Tauren |
| 17:53 | Grunt |
| 18:10 | Orb of Lightning |
| 18:17 | Healing Salve |
| 18:17 | Healing Salve |
| 18:17 | Healing Salve |
| 18:17 | Healing Salve |
| 19:41 | Raider |
| 19:42 | Grunt |

| Lesser Clarity Potion | 1 | 70 |
| Potion of Mana | 1 | 200 |
| Healing Salve | 2 | 200 |
| total: | 4 | 470g |
| Wisp | 23 | 1380 | / | 0 |
| Huntress | 8 | 1560 | / | 160 |
| Archer | 7 | 910 | / | 70 |
| Mountain Giant | 6 | 2100 | / | 600 |
| total: | 44 | 5950g | / | 830w |
| Altar of Elders | 1 | 180 | / | 50 |
| Moon Well | 6 | 1080 | / | 240 |
| Ancient of War | 2 | 300 | / | 120 |
| Hunter's Hall | 1 | 210 | / | 100 |
| Ancient of Wonders | 2 | 180 | / | 60 |
| Ancient of Lore | 2 | 310 | / | 290 |
| Tree of Ages | 1 | 320 | / | 180 |
| Tree of Eternity | 1 | 330 | / | 200 |
| total: | 14 | 2260g | / | 860w |
| 0:12 | Wisp |
| 0:12 | Wisp |
| 0:20 | Altar of Elders |
| 0:29 | Moon Well |
| 0:31 | Wisp |
| 0:31 | Wisp |
| 0:38 | Wisp |
| 0:38 | Wisp |
| 0:47 | Wisp |
| 0:47 | Wisp |
| 1:03 | Wisp |
| 1:31 | Wisp |
| 1:31 | Wisp |
| 1:32 | Wisp |
| 1:32 | Wisp |
| 1:47 | Wisp |
| 1:47 | Wisp |
| 2:07 | Ancient of War |
| 2:11 | Hunter's Hall |
| 2:20 | Entangling Roots |
| 2:20 | Entangling Roots |
| 2:20 | Entangling Roots |
| 2:26 | Moon Well |
| 2:47 | Ancient of War |
| 2:56 | Moon Well |
| 3:42 | Huntress |
| 3:48 | Ultravision |
| 3:49 | Wisp |
| 4:19 | Wisp |
| 4:19 | Wisp |
| 4:47 | Huntress |
| 4:49 | Wisp |
| 4:49 | Wisp |
| 5:16 | Huntress |
| 5:31 | Moon Well |
| 6:03 | Wisp |
| 6:22 | Wisp |
| 6:22 | Wisp |
| 6:35 | Huntress |
| 6:47 | Huntress |
| 7:26 | Huntress |
| 7:56 | Force of Nature |
| 8:11 | Huntress |
| 8:11 | Huntress |
| 8:30 | Moon Well |
| 9:26 | Ancient of Wonders |
| 9:33 | Tree of Ages |
| 9:43 | Strength of the Moon |
| 9:45 | Archer |
| 9:50 | Healing Salve |
| 10:11 | Archer |
| 10:58 | Archer |
| 11:29 | Archer |
| 11:43 | Entangling Roots |
| 11:44 | Archer |
| 12:02 | Improved Bows |
| 12:23 | Archer |
| 13:43 | Tree of Eternity |
| 13:45 | Ancient of Lore |
| 13:45 | Ancient of Lore |
| 13:55 | Healing Salve |
| 14:25 | Lesser Clarity Potion |
| 14:26 | Potion of Mana |
| 15:07 | Mountain Giant |
| 15:45 | Ancient of Wonders |
| 16:24 | Hardened Skin |
| 16:24 | Resistant Skin |
| 16:24 | Mountain Giant |
| 16:57 | Mountain Giant |
| 17:09 | Well Spring |
| 17:32 | Moon Well |
| 17:45 | Marksmanship |
| 17:45 | Archer |
| 17:55 | Force of Nature |
| 18:20 | Mountain Giant |
| 19:19 | Mountain Giant |
| 19:45 | Mountain Giant |
⇛